 Dungeon Crawl Stone Soup version 0.31.0-32-g396128a36d (webtiles) character file.

Game seed: 9172010191355879774

52 Fractals the Trooper (level 3, -1/29 HPs)
             Began as a Demonspawn Gladiator on Apr 4, 2024.
             Slain by Sigmund
             ... wielding a +0 scythe
              (4 damage)
             ... on level 2 of the Dungeon.
             The game lasted 00:02:48 (1124 turns).

Fractals the Trooper (Demonspawn Gladiator)         Turns: 1124, Time: 00:02:49

Health: -1/29      AC:  6    Str: 13 (16) XL:     3   Next: 60%
Magic:  3/3        EV: 11    Int:  6 (8)  God:
Gold:   120        SH:  0    Dex: 13 (14) Spells: 2/2 levels left

rFire   . . .        a - +0 rapier
rCold   . . .        (no shield)
rNeg    . . .        n - +0 ring mail
rPois   .            c - +0 helmet
rElec   .            (no cloak)
rCorr   .            (no gloves)
SInv    .            (no boots)
Will    +....        (no amulet)
Stlth   +            g - ring of willpower
HPRegen 0.24/turn    (no ring)
MPRegen 0.08/turn

%: no passive effects
@: no status effects
A: spiny 1
a: no special abilities


You were on level 2 of the Dungeon.
You visited 1 branch of the dungeon, and saw 2 of its levels.

You collected 120 gold pieces.

Inventory:

Hand Weapons
 a - a +0 rapier (weapon)
Missiles
 d - 3 throwing nets (quivered)
 e - a javelin
Armour
 c - a +0 helmet (worn)
 n - a +0 ring mail (worn)
Jewellery
 b - an amulet of regeneration
 g - a ring of willpower (left hand)
Scrolls
 f - 2 scrolls of poison {unknown}
 h - 3 scrolls of identify {unknown}
 i - 2 scrolls of vulnerability {unknown}
 k - a scroll of teleportation {unknown}
 l - a scroll of amnesia {unknown}
 m - a scroll of enchant weapon {unknown}
 o - a scroll of blinking {unknown}


   Skills:
 + Level 3.4 Fighting
 - Level 3.0 Short Blades
 - Level 2.0 Throwing
 - Level 3.0 Dodging


You had 2 spell levels left.
You didn't know any spells.
Your spell library contained the following spells:

 Spells                   Type           Power      Damage    Failure   Level
 Olgreb's Toxic Radiance  Alch           0%         N/A       100%        4
 Iskenderun's Battlesphe  Conj           0%         2d6       100%        5
 Bombard                  Conj/Erth      0%         9d1       100%        6
 Ozocubu's Refrigeration  Ice            0%         4d7       100%        7
 Spellforged Servitor     Conj/Summ      0%         N/A       100%        7
 Discord                  Hex            0%         N/A       100%        8


Dungeon Overview and Level Annotations

Branches:
Dungeon (2/15)

Altars:

Annotations:
D:2 Sigmund


Innate Abilities, Weirdness & Mutations

You are partially covered in sharp spines.


Message History

The web tears apart.
You hit the ribbon worm.
The ribbon worm is heavily wounded.
The ribbon worm is struck by your spines.
The ribbon worm bites you.
You hit the ribbon worm.
The ribbon worm is almost dead.
The ribbon worm is struck by your spines.
You kill the ribbon worm!
Sigmund laughs darkly.
Unknown command.
Okay, then.
Sigmund zaps a wand.
The puff of flame hits you. Sigmund is struck by your spines.
Sigmund closely misses you.
You closely miss Sigmund.
Sigmund is lightly wounded.
You closely miss Sigmund. Your punch misses Sigmund.
Sigmund is lightly wounded.
Sigmund zaps a wand.
The puff of flame hits you!
You hit Sigmund.
Sigmund is moderately wounded.
Sigmund looks at you with fury.
Sigmund zaps a wand.
The puff of flame hits you!
You hit Sigmund.
Sigmund is heavily wounded.
Sigmund gestures wildly while chanting.
Sigmund flickers and vanishes!
Deactivating autopickup; reactivate with Ctrl-A.
Something hits you.
* * * LOW HITPOINT WARNING * * *
You barely miss something.
It was a potion of degeneration.
There was something very wrong with that liquid.
You feel weakened.
You feel dopey.
You feel clumsy. Something hits you but does no damage.
You hit something. Something hits you.
* * * LOW HITPOINT WARNING * * *
You hit something. You barely miss something. Something hits you.
You die...

#...........#..
#....#...........#..
###....#...........###
....................
........≈≈≈..... #
..~~≈~≈~.... #
≈≈~≈..≈..... # .
#{...##### #
..~.##@..)..$.# ##
#..............# ##~
#.......#......# #~~
#.......#......#######~~
#....................#~#
#........#####.......#~#
#........ #.......###
####.....# #.........#
#..... #.........#


There were no monsters in sight!

Vanquished Creatures
  An adder (D:2)
  4 ribbon worms (D:2)
  3 ball pythons
  5 bats
  5 endoplasms
  3 goblins
  4 hobgoblins
  A quokka (D:2)
  A frilled lizard (D:1)
  2 kobolds (D:1)
  2 rats (D:2)
31 creatures vanquished.

Notes
Turn   | Place    | Note
-------+----------+-------------------------------------------
     0 | D:1      | Fractals the Demonspawn Gladiator began the quest for the
                  | Orb.
     0 | D:1      | Reached XP level 1. HP: 16/16 MP: 1/1
   142 | D:1      | Found a faded altar of an unknown god.
   142 | D:1      | Noticed a golden eye
   147 | D:1      | Noticed a shining eye
   147 | D:1      | Noticed a glass eye
   147 | D:1      | Noticed a glass eye
   167 | D:1      | Gained mutation: You are partially covered in sharp spines.
                  | [demonic ancestry]
   167 | D:1      | Reached XP level 2. HP: 14/22 MP: 2/2
   706 | D:2      | Reached XP level 3. HP: 24/28 MP: 3/3
  1107 | D:2      | Noticed Sigmund
  1124 | D:2      | Slain by Sigmund

Illustrated notes

Levels and vault maps discovered:
D:1:      lightli_iron_boxes, layout_rooms,
          hellmonk_ecumenical_altar_watching_god
D:2:      layout_basic, serial_rivers, chequers_serial_rivers_large_b,
          chequers_serial_rivers_large_a, chequers_serial_rivers_small_a,
          chequers_serial_rivers_small_a, chequers_serial_rivers_marsh,
          chequers_serial_rivers_micro_d, minmay_tiny_reverse_x, uniq_terence,
          uniq_sigmund

Skill      XL: |  1  2  3 |
---------------+----------+-----
Throwing       | 2 |  2.0
Short Blades   | 3 |  3.0
Dodging        | 3 |  3.0
Fighting       | 3 |  3.4

Action                     || total
---------------------------++-------
  Melee: Rapier            ||    95
    Use: Potion            ||     1
 Armour: Leather armour    ||    29
         Ring mail         ||    23
  Dodge: Dodged            ||    55
